 Dungeon Crawl Stone Soup version 0.30-a0-368-g86fb4627a9 (webtiles) character file.

Game seed: 15851653669945964544

13172 VolodymyrDemenkov the Fighter (level 11, -9/110 HPs)
             Began as a Minotaur Berserker on Nov 19, 2022.
             Was a High Priest of Trog.
             Succumbed to Jecraria's ghost's poison
             ... on level 1 of the Lair of Beasts.
             The game lasted 01:47:15 (11525 turns).

VolodymyrDemenkov the Fighter (Minotaur Berserker) Turns: 11525, Time: 01:47:15

Health: -9/110     AC: 17    Str: 33    XL:     11   Next: 72%
Magic:  0/10       EV:  9    Int:  4    God:    Trog [*****.]
Gold:   830        SH:  0    Dex:  9    Spells: 10/10 levels left

rFire   . . .      SeeInvis .    c - +1 flail
rCold   . . .      Faith    .    F - orb {light}
rNeg    . . .      Spirit   +    H - +0 plate armour
rPois   .          Reflect  .    (helmet restricted)
rElec   .          Harm     .    (no cloak)
rCorr   .          Rampage  +    (no gloves)
Will    ++...                    I - +0 pair of boots {rampage}
Stlth   ..........               N - amulet of guardian spirit
HPRegen 1.38/turn                Q - +4 ring of slaying
MPRegen 0.12/turn                G - +6 ring of strength

@: lethally poisoned (-9 -> -41), strong-willed, on berserk cooldown,
regenerating, slowed, glowing, very slow
A: horns 2, retaliatory headbutt
a: Renounce Religion, Berserk, Trog's Hand, Brothers in Arms


You were on level 1 of the Lair of Beasts.
You worshipped Trog.
Trog was extremely pleased with you.
You visited 2 branches of the dungeon, and saw 10 of its levels.
You also visited: Sewer.

You collected 830 gold pieces.

Inventory:

Hand Weapons
 a - a +0 mace
 c - a +1 flail (weapon)
 D - a +0 dire flail
 S - a +3 great mace
Missiles
 i - 124 stones (quivered)
 s - 43 poisoned darts
 u - a throwing net
Armour
 g - a +3 ring mail of cold resistance
 k - a +0 buckler
 l - a +0 ring mail
 r - a +0 chain mail
 F - an orb of light (worn)
 H - a +0 plate armour (worn)
 I - a +0 pair of boots of rampaging (worn)
Jewellery
 b - a ring of magical power
 e - a +6 ring of dexterity
 E - a ring of magical power
 G - a +6 ring of strength (right hand)
 M - a ring of protection from cold
 N - an amulet of guardian spirit (around neck)
 Q - a +4 ring of slaying (left hand)
Wands
 h - a wand of mindburst (5)
 x - a wand of polymorph (8)
 y - a wand of iceblast (9)
 B - a wand of charming (12)
 K - a wand of digging (1)
Scrolls
 d - 6 scrolls of teleportation
 f - a scroll of blinking
 j - 3 scrolls of noise
 t - a scroll of summoning
 C - 3 scrolls of identify
 O - a scroll of butterflies {unknown}
 R - a scroll of magic mapping
Potions
 m - 6 potions of might
 n - 3 potions of lignification
 o - 3 potions of flight
 p - 3 potions of degeneration {unknown}
 q - 4 potions of berserk rage
 v - a potion of magic
 w - 2 potions of attraction
 z - 8 potions of curing
 A - 2 potions of ambrosia
 J - a potion of brilliance {unknown}
 P - a potion of mutation {unknown}
 T - a potion of heal wounds
Miscellaneous
 L - a phial of floods


   Skills:
 + Level 14.2 Fighting
 - Level 11.9 Maces & Flails
 + Level 14.0 Armour
 - Level 2.1 Dodging


You had 10 spell levels left.
You didn't know any spells.
Your spell library was empty.

Dungeon Overview and Level Annotations

Branches:
Dungeon (9/15)             Temple (0/1) D:5            Lair (1/5) D:9
    Orc (0/2) D:9           Sewer (visited)

Altars:
Ashenzari
Cheibriados
Dithmenos
Elyvilon
Hepliaklqana
Makhleb
Nemelex Xobeh
Qazlal
Ru
Sif Muna
Trog
Wu Jian
Xom
Yredelemnul
Zin

Shops:
D:1 ?   D:9 *

Annotations:
D:8 exclusions: oklob plant and oklob sapling


Innate Abilities, Weirdness & Mutations

You have a pair of horns on your head.
You reflexively headbutt those who attack you in melee.


Message History

Jecraria's ghost freezes you.
You are frozen.
The spriggan hits you from afar with the +10 trident of Articulation {freeze, Stlth+}.
The spriggan freezes you.
You barely miss Jecraria's ghost. Your headbutt misses Jecraria's ghost.
Jecraria's ghost is severely damaged.
You feel very sick. The wolf bites you but does no damage.
The wolf barely misses you. You furiously retaliate!
You headbutt the wolf! Jecraria's ghost hits you.
You are more poisoned.
The spriggan completely misses you.
You bludgeon Jecraria's ghost!!
Jecraria's ghost is almost destroyed.
You feel very sick. The wolf closely misses you.
The wolf bites you but does no damage.
Jecraria's ghost hits you but does no damage.
You are more poisoned.
The spriggan hits you from afar with the +10 trident of Articulation {freeze, Stlth+}!!
* * * LOW HITPOINT WARNING * * *
The spriggan freezes you.
* * * LOW HITPOINT WARNING * * *
Your skin crawls.
You feel strong-willed.
You feel extremely sick. The wolf bites you but does no damage.
The wolf bites you.
* * * LOW HITPOINT WARNING * * *
Jecraria's ghost hits you.
* * * LOW HITPOINT WARNING * * *
You are lethally poisoned!
The spriggan hits you but does no damage.
The wolf bites you!
* * * LOW HITPOINT WARNING * * *
Jecraria's ghost hits you!
* * * LOW HITPOINT WARNING * * *
You are more poisoned.
You sock Jecraria's ghost!
You destroy Jecraria's ghost!
Trog accepts your kill.
Trog appreciates your killing of a magic user.
You die...

## ### #. #####.#### #########.
######........#♣♣♣ #.........
##...#...#######..♣ ♣ #.##.P.###
..........####.##.♣♣.♣♣#.......#
######....#.##.⌠#i....♣#.....#.#
# #..........#h..♣.♣#.###^P.##
#...####....@♣♣...♣#.##P....# #
#.### ###..#.h♣..♣#.##>..... #
#.# #.⌠#♣.♣ ♣#..P...... # #.#
#.##♣..♣ #......... # ..#
###..♣♣♣ #.#...#P#. # ##.#
♣♣♣#####.##..###. ..#
#..##.....###. #^#
##............ #.# ##...#P......


You could see a spriggan and 2 wolves.

Vanquished Creatures
  The ghost of Jecraria the Frost Mage, a journeyman HuIE of Ashenzari (Lair:1)
  A catoblepas (D:8)
  3 two-headed ogres
  A boulder beetle (Lair:1)
  Maurice (D:9)
  4 cane toads (Lair:1)
  A kobold demonologist (D:9)
  A komodo dragon (Lair:1)
  A rime drake (Lair:1)
  A troll (D:9)
  A polar bear (Lair:1)
  2 hornets
  A blink frog (Lair:1)
  Prince Ribbit (D:9)
  11 yaks
  2 spriggans (Lair:1)
  3 wyverns
  A steam dragon (D:8)
  3 water moccasins
  An orc warrior (D:8)
  2 black bears
  2 sky beasts (D:7)
  3 ogres
  2 wolves (D:9)
  2 centaurs
  2 phantoms
  5 kobold brigands
  11 bullfrogs
  2 necrophages
  2 scorpions (D:5)
  5 wights
  3 killer bees (D:9)
  2 electric eels (D:9)
  2 howler monkeys
  A crimson imp (D:8)
  An orc priest (D:5)
  7 hounds
  4 iguanas
  9 orc wizards
  6 gnolls (D:4)
  9 adders
  A river rat (D:3)
  5 shadow imps
  3 ufetubi
  2 worms
  5 dart slugs
  27 orcs
  8 endoplasms
  4 giant cockroaches
  9 goblins
  8 hobgoblins
  6 jackals
  31 kobolds
  A quokka (D:3)
  14 ball pythons
  8 bats
  2 frilled lizards
  8 rats
  A spectral kobold (D:4)
266 creatures vanquished.

Vanquished Creatures (others)
  An orc wizard (D:5)
  A quokka (D:5)
  5 fungi
  16 plants
23 creatures vanquished.

Grand Total: 289 creatures vanquished

Notes
Turn   | Place    | Note
-------+----------+-------------------------------------------
     0 | D:1      | VolodymyrDemenkov the Minotaur Berserker began the quest
                  | for the Orb.
     0 | D:1      | Reached XP level 1. HP: 19/19 MP: 0/0
   123 | D:1      | Reached XP level 2. HP: 26/26 MP: 1/1
   248 | D:1      | Found Ocziuxung's Magic Scroll Boutique.
   566 | D:1      | Reached skill level 5 in Maces & Flails
   755 | D:1      | Reached XP level 3. HP: 31/31 MP: 2/2
  1189 | D:2      | Reached ** piety under Trog
  1391 | D:2      | Reached XP level 4. HP: 39/39 MP: 3/3
  1400 | D:2      | You fall into a shaft and drop 2 floors!
  1402 | D:4      | Noticed a black bear
  1418 | D:4      | Killed a black bear
  1419 | D:4      | Reached XP level 5. HP: 45/45 MP: 4/4
  1801 | D:3      | Found a faded altar of an unknown god.
  2052 | D:3      | Found a glowing drain.
  2096 | Sewer    | Entered a sewer
  2105 | Sewer    | Reached *** piety under Trog
  2121 | Sewer    | Noticed a water moccasin
  2129 | Sewer    | Killed a water moccasin
  2130 | Sewer    | Reached XP level 6. HP: 51/51 MP: 5/5
  3126 | D:4      | Reached XP level 7. HP: 57/57 MP: 6/6
  3204 | D:4      | Reached skill level 10 in Maces & Flails
  3236 | D:4      | Found a hazy altar of Hepliaklqana.
  3681 | D:5      | Entered Level 5 of the Dungeon
  3987 | D:5      | Reached **** piety under Trog
  4090 | D:5      | Found a shimmering altar of Xom.
  4126 | D:5      | Reached XP level 8. HP: 64/64 MP: 7/7
  4277 | D:5      | Found a staircase to the Ecumenical Temple.
  4320 | D:5      | Found a white marble altar of Elyvilon.
  4484 | D:5      | Found a stormy altar of Qazlal.
  4859 | D:6      | Reached skill level 5 in Fighting
  5004 | D:6      | Found a snail-covered altar of Cheibriados.
  5295 | D:7      | Reached skill level 5 in Armour
  5727 | D:7      | Reached XP level 9. HP: 78/78 MP: 8/8
  5741 | D:7      | Reached ***** piety under Trog
  6400 | D:8      | Noticed a two-headed ogre
  6411 | D:8      | Killed a two-headed ogre
  6569 | D:8      | Found an ornate altar of the Wu Jian Council.
  6581 | D:8      | Found a sacrificial altar of Ru.
  6586 | D:8      | Found a broken altar of Ashenzari.
  6587 | D:8      | Found a glowing silver altar of Zin.
  6587 | D:8      | Found a shadowy altar of Dithmenos.
  6588 | D:8      | Found a shimmering blue altar of Sif Muna.
  6590 | D:8      | Found a bloodstained altar of Trog.
  6591 | D:8      | Found a basalt altar of Yredelemnul.
  7461 | D:8      | Found a burning altar of Makhleb.
  7636 | D:8      | Noticed a two-headed ogre
  7642 | D:8      | Killed a two-headed ogre
  7643 | D:8      | Reached skill level 10 in Fighting
  7643 | D:8      | Reached skill level 10 in Armour
  7643 | D:8      | Reached XP level 10. HP: 15/94 MP: 9/9
  8156 | D:8      | Noticed a catoblepas
  8166 | D:8      | Killed a catoblepas
  8449 | D:8      | Noticed an oklob plant
  8743 | D:9      | Noticed a two-headed ogre
  8752 | D:9      | Killed a two-headed ogre
  8924 | D:9      | Noticed Maurice
  8929 | D:9      | Killed Maurice
  9018 | D:9      | Found Boptunul's Overcharged Wands.
  9161 | D:9      | Found a staircase to the Lair.
  9221 | D:9      | Found a sparkling altar of Nemelex Xobeh.
  9278 | D:9      | Noticed a sixfirhy
  9470 | D:9      | Noticed Prince Ribbit
  9476 | D:9      | Killed Prince Ribbit
  9477 | D:9      | Reached XP level 11. HP: 101/105 MP: 10/10
  9918 | D:9      | Found a staircase to the Orcish Mines.
 10290 | Lair:1   | Entered Level 1 of the Lair of Beasts
 11015 | Lair:1   | Noticed a boulder beetle
 11036 | Lair:1   | Killed a boulder beetle
 11038 | Lair:1   | Received a gift from Trog
 11489 | Lair:1   | Found a runed translucent door.
 11490 | Lair:1   | Identified the +10 trident of Articulation {freeze, Stlth+}
 11490 | Lair:1   | Noticed Jecraria's ghost (journeyman HuIE)
 11491 | Lair:1   | Noticed a spriggan rider
 11524 | Lair:1   | HP: 2/110 [Jecraria's ghost (6)]
 11525 | Lair:1   | Killed Jecraria's ghost
 11525 | Lair:1   | Succumbed to Jecraria's ghost's poison

Illustrated notes

Levels and vault maps discovered:
D:1:      heliophobic_arrival_ceremonial_halls, layout_loops_ring, serial_shops,
          shop_scrolls
D:2:      layout_loops_ring, minmay_domino_2
D:3:      layout_basic, portal_sewer_entry_a,
          shapermc_ecumenical_altar_rom_forum, minmay_goblin_kobold_house
D:4:      layout_loops_cross, nicolae_hepliaklqana_monster_ancestors
D:5:      layout_basic, overflow_temple_1_default, elyvilon_altar_4,
          kennysheep_little_box, minmay_temple_entry_large_hall, serial_glass,
          glass_columns_b, glass_columns_a, glass_columns_c, glass_columns_b,
          feat_on_display, due_unseen_surprise, item_on_display_a,
          item_on_display_b
D:6:      layout_basic, amcnicky_altar_gilded
D:7:      layout_basic, minivault_5
D:8:      kennysheep_windowed_halls, layout_cave_pools, makhleb_grotto_becter,
          minitemple, hangedman_decor_opposing, introduction_to_nature_2
D:9:      layout_loops_corners, mainiacjoe_overflow_six_doors_small,
          erik_lair_island, serial_co_window_serial, co_window_cross_1,
          co_window_paths_b, co_window_paths_a, co_window_corner_a,
          co_window_paths_b, co_window_corner_a, co_window_paths_a,
          co_window_corner_b, co_window_corner_ca, co_window_cross_2,
          co_window_corner_cb, co_window_4corner_a, glass_columns_b,
          glass_columns_a, glass_columns_a, glass_columns_a, glass_columns_a,
          nicolae_shop_overcharged_wands, uniq_prince_ribbit1, uniq_maurice
Lair:1:   layout_loops_ring, ebering_ghost_funeral_grove,
          chequers_serial_rivers_room_b, nzn_random_ring,
          infiniplex_staircase_pool_2, grunt_megastairs_3

Skill      XL: |  1  2  3  4  5  6  7  8  9 10 11 |
---------------+----------------------------------+-----
Maces & Flails | 4 5 6 7 8 9 11 | 11.9
Fighting       | 6 10 12 14 | 14.2
Armour         | 6 10 12 14 | 14.0
Dodging        | |  2.1

Action                   |  1- 3 |  4- 6 |  7- 9 | 10-12 || total
-------------------------+-------+-------+-------+-------++-------
Melee: Mace              |    45 |       |       |       ||    45
       Headbutt          |    11 |    22 |    60 |    65 ||   158
       Flail             |    13 |   101 |   308 |   216 ||   638
       Unarmed           |       |       |       |     2 ||     2
Invok: Berserk           |       |     3 |     2 |     7 ||    12
       Trog's Hand       |       |       |       |     1 ||     1
  Use: Scroll            |     7 |       |    11 |       ||    18
       Potion            |     3 |       |       |       ||     3
Armor: Animal skin       |     2 |       |       |       ||     2
       Ring mail         |    11 |    31 |    68 |     6 ||   116
       Plate armour      |       |       |       |    78 ||    78
Dodge: Dodged            |    20 |    51 |   110 |    57 ||   238
Block: Buckler           |     2 |    12 |    20 |       ||    34

Table legend: (Time is in decaauts)
 A = Elapsed time spent in this place.
 B = Non-inter-level travel time spent in this place.
 C = Inter-level travel time spent in this place.
 D = Time resting spent in this place.
 E = Time spent auto-exploring this place.
 F = Levels seen in this place.
 G = Mean time per level.
                   A        B        C        D        E       F      G
               +--------+--------+--------+--------+--------+-----+--------+
         Total |  11575 |  10143 |   1432 |   3094 |   3931 |  11 | 1052.3 |
       Dungeon |  10240 |   8963 |   1277 |   2592 |   3726 |   9 | 1137.8 |
          Lair |   1220 |   1066 |    154 |    463 |    205 |   1 | 1220.0 |
         Sewer |    115 |    115 |      0 |     38 |      0 |   1 |  115.0 |
               +--------+--------+--------+--------+--------+-----+--------+

Top non-repeatable levels by time:
     D:8: 2394 daAuts
     D:9: 1775 daAuts
  Lair:1: 1220 daAuts
     D:1: 1103 daAuts
     D:4: 1056 daAuts
     D:5: 942 daAuts
     D:7: 909 daAuts
     D:2: 747 daAuts
     D:3: 700 daAuts
     D:6: 612 daAuts
   Sewer: 115 daAuts
